 Dungeon Crawl Stone Soup version 0.31-a0-631-g285b096dc4 (webtiles) character file.

Game seed: 13837836599112751616

277 Shayle the Trooper (level 6, 0/65 HPs)
             Began as an Ogre Shapeshifter on Aug 25, 2023.
             Slain by Grinder the red devil (13 damage)
             ... on level 4 of the Dungeon.
             The game lasted 00:10:49 (3380 turns).

Shayle the Trooper (Ogre Shapeshifter)              Turns: 3380, Time: 00:10:50

Health: 0/65       AC:  3    Str: 20    XL:     6   Next: 26%
Magic:  11/11      EV:  9    Int: 11    God:
Gold:   220        SH:  0    Dex:  9    Spells: 12/12 levels left

rFire   . . .        i - +1 dagger (holy)
rCold   . . .        (no shield)
rNeg    . . .        a - +0 animal skin
rPois   .            (helmet currently unavailable)
rElec   .            (cloak currently unavailable)
rCorr   .            (gloves unavailable)
SInv    .            (boots unavailable)
Will    .....        (no amulet)
Stlth   +            (no ring)
HPRegen 0.30/turn    (no ring)
MPRegen 0.12/turn

%: no passive effects
@: mighty, beast-form, spiked, hasted, very quick
A: beast (slay +1), large, unfitting armour, tough skin 1
a: Begin Untransformation


You were on level 4 of the Dungeon.
You were a hulking beast.
You visited 1 branch of the dungeon, and saw 4 of its levels.

You collected 220 gold pieces.

Inventory:

Hand Weapons
 b - a +1 dagger of venom
 i - a +1 dagger of holy wrath (weapon)
Armour
 a - a +0 animal skin (worn)
 s - a +1 cloak
Talismans
 c - a beast talisman (active)
 d - a flux talisman
Wands
 g - a wand of polymorph (5)
Scrolls
 h - a scroll of enchant armour {unknown}
 j - 2 scrolls of noise {unknown}
 m - 2 scrolls of revelation {unknown}
 o - a scroll of poison {unknown}
 q - 4 scrolls of immolation
 r - a scroll of blinking {unknown}
 t - a scroll of teleportation {unknown}
Potions
 e - 3 potions of curing
 f - a potion of attraction
 l - a potion of brilliance


   Skills:
 + Level 4.8 Fighting
 - Level 1.7 Dodging
 + Level 4.1 Unarmed Combat
 + Level 3.5 Spellcasting
 - Level 3.0 Shapeshifting


You had 12 spell levels left.
You didn't know any spells.
Your spell library was empty.

Dungeon Overview and Level Annotations

Branches:
Dungeon (4/15)
 Temple: D:4-7

Altars:
Cheibriados
Yredelemnul

Annotations:
D:3 2 runed translucent doors, Age's ghost, weakling MiFi; Crazy Yiuf
D:4 Grinder


Innate Abilities, Weirdness & Mutations

You are a hulking beast.
Your limbs bulge with bestial killing power. (Slay +1)
You are too large for most types of armour.
You have tough skin. (AC +1)


Message History

The ufetubus hits you but does no damage.
The ufetubus hits you. The ufetubus barely misses you.
The ufetubus completely misses you.
You miss the ufetubus. The ufetubus hits you. x2
You hit the ufetubus but do no damage.
The ufetubus is poisoned.
The ufetubus barely misses you.
The ufetubus hits you but does no damage.
The ufetubus closely misses you. The ufetubus barely misses you.
You miss the ufetubus.
The ufetubus is moderately wounded.
The ufetubus barely misses you. The ufetubus hits you.
You closely miss the ufetubus.
The ufetubus is heavily wounded.
You kill the ufetubus!
The ufetubus disappears in a puff of smoke!
Aiming: Polymorph
Press: ? - help, Shift-Dir - straight line, f/p - Grinder
Aim: Grinder the neqoxec (purple smoke, will become a hellwing, a ynoxinul, or a red devil, chance to affect: 31%) Grinder the neqoxec evaporates and reforms as a red devil!
It was a potion of haste.
You feel yourself speed up. Grinder hits you!
Barbed spikes become lodged in your body.
You barely miss Grinder. Grinder misses you.
You miss Grinder. Grinder hits you but does no damage.
You hit Grinder but do no damage. You hit Grinder but do no damage.
Grinder hits you!
Barbed spikes become lodged in your body.
You hit Grinder but do no damage. You hit Grinder but do no damage.
Grinder hits you but does no damage.
You miss Grinder. Grinder hits you.
Barbed spikes become lodged in your body.
You miss Grinder. Grinder hits you!
* * * LOW HITPOINT WARNING * * *
Barbed spikes become lodged in your body.
It was a potion of might.
You feel very mighty all of a sudden.
Your +1 dagger of venom stops dripping with poison.
Your +1 dagger of holy wrath softly glows with a divine radiance!
i - a +1 dagger of holy wrath (weapon)
You closely miss Grinder. Grinder hits you!
You die...

#.....#...######.###..##
#............#.....#..#
#####........#.###.#..#
#.#####....# #....# #3#
#....###.#### #.#
####.....# #.# ###.###
#.##########.#
#.4h...).....#
##############


You could see Grinder the red devil.

Vanquished Creatures
  A black bear (D:4)
  An orc priest (D:4)
  An iguana (D:3)
  4 adders
  3 worms
  3 dart slugs
  9 orcs
  A ball python (D:1)
  6 endoplasms
  A giant cockroach (D:2)
  7 goblins
  7 hobgoblins
  7 jackals
  6 kobolds
  2 quokkas (D:1)
  2 bats
  5 frilled lizards
  2 rats (D:1)
  A spectral orc (D:3)
69 creatures vanquished.

Notes
Turn   | Place    | Note
-------+----------+-------------------------------------------
     0 | D:1      | Shayle the Ogre Shapeshifter began the quest for the Orb.
     0 | D:1      | Reached XP level 1. HP: 19/19 MP: 1/1
   136 | D:1      | Reached XP level 2. HP: 20/28 MP: 1/3
   237 | D:1      | Reached skill level 1 in Spellcasting
   623 | D:1      | Reached XP level 3. HP: 18/36 MP: 3/5
  1218 | D:2      | Found a snail-covered altar of Cheibriados.
  1237 | D:2      | Reached XP level 4. HP: 44/45 MP: 5/7
  1611 | D:3      | Noticed Age's ghost (weakling MiFi)
  1618 | D:3      | Found a runed translucent door.
  1635 | D:3      | Found a runed translucent door.
  1636 | D:3      | Noticed Crazy Yiuf
  1680 | D:3      | Found a basalt altar of Yredelemnul.
  1961 | D:3      | Reached XP level 5. HP: 15/54 MP: 8/8
  2564 | D:4      | Noticed a black bear
  2574 | D:4      | Killed a black bear
  2813 | D:4      | Reached XP level 6. HP: 63/63 MP: 10/10
  3015 | D:4      | Noticed Grinder
  3016 | D:4      | Grinder changed into Grinder the ynoxinul
  3016 | D:4      | Noticed Grinder
  3355 | D:4      | Grinder the ynoxinul changed into Grinder the neqoxec
  3355 | D:4      | Noticed Grinder
  3368 | D:4      | Grinder the neqoxec changed into Grinder the red devil
  3368 | D:4      | Noticed Grinder
  3380 | D:4      | Slain by Grinder the red devil

Illustrated notes

Levels and vault maps discovered:
D:1:      saegor_arrival_simple_e, layout_basic
D:2:      layout_rooms, minmay_hexomino_r4
D:3:      layout_loops_ring, yredelemnul_forgotten_temple_becter,
          hellmonk_ghost_happy_afterlife, uniq_crazy_yiuf_cottage
D:4:      layout_loops_ring, uniq_grinder

Skill      XL: |  1  2  3  4  5 |
---------------+----------------+-----
Fighting       | 2 3 4 |  4.8
Spellcasting   | 1 2 3 |  3.5
Unarmed Combat | 3 4 |  4.1
Dodging        | |  1.7
Shapeshifting  | |  3.0

Action                     |  1- 3 |  4- 6 || total
---------------------------+-------+-------++-------
  Melee: Unarmed           |    97 |    90 ||   187
         Punch             |     1 |     6 ||     7
         Dagger            |       |    76 ||    76
  Evoke: Wand              |       |     7 ||     7
    Use: Potion            |       |     3 ||     3
         Scroll            |       |     4 ||     4
   Stab: Sleeping          |     2 |     1 ||     3
 Armour: Animal skin       |    24 |    30 ||    54
         Skin              |       |     4 ||     4
  Dodge: Dodged            |    32 |    63 ||    95

Table legend: (Time is in decaauts)
 A = Elapsed time spent in this place.
 B = Non-inter-level travel time spent in this place.
 C = Inter-level travel time spent in this place.
 D = Time resting spent in this place.
 E = Time spent auto-exploring this place.
 F = Levels seen in this place.
 G = Mean time per level.
                   A        B        C        D        E       F      G
               +--------+--------+--------+--------+--------+-----+--------+
         Total |   3365 |   3228 |    137 |    512 |   2021 |   4 |  841.2 |
       Dungeon |   3365 |   3228 |    137 |    512 |   2021 |   4 |  841.2 |
               +--------+--------+--------+--------+--------+-----+--------+

Top non-repeatable levels by time:
     D:3: 1121 daAuts
     D:1: 865 daAuts
     D:4: 760 daAuts
     D:2: 617 daAuts
